 Dungeon Crawl Stone Soup version 0.21.0-3-g78d12a8 (webtiles) character file.

199326 JeffiDaFish the Warrior (level 18, -21/180 HPs)
             Began as a Minotaur Fighter on Jan 15, 2018.
             Was the Champion of Okawaru.
             Killed from afar by a shock serpent (24 damage)
             ... with a bolt of electricity
             ... on level 4 of the Snake Pit on Jan 16, 2018.
             The game lasted 01:02:25 (26284 turns).

JeffiDaFish the Warrior (Minotaur Fighter)         Turns: 26284, Time: 01:02:26

Health: -21/180    AC: 35    Str: 26    XL:     18   Next: 24%
Magic:  27/27      EV: 21    Int:  6    God:    Okawaru [******]
Gold:   1941       SH: 21    Dex: 23    Spells: 17/17 levels left

rFire    + + .     SeeInvis .   r - +8 war axe "Ygget" {flame, *Contam rF+ Stlth+}
rCold    + . .     Gourm    .   E - +2 shield {rN+}
rNeg     + . .     Faith    .   K - +2 plate armour {rF+}
rPois    +         Spirit   .   q - +1 hat
rElec    .         Reflect  +   J - +1 cloak {+Inv}
rCorr    +         Harm     .   c - +5 pair of gloves of the Special Runes {Slay+2 Stlth+}
MR       ++...                  z - +2 pair of boots {Fly}
Stlth    +.........             j - +4 amulet of reflection
HPRegen  0.40/turn              A - ring of Heopu {rPois rC+ MR+ Int+3 Dex+2}
MPRegen  0.20/turn              G - ring "Icar" {rCorr Str+4 Dex+4}

@: finesse, flying, very slightly contaminated, slowed, very slow
A: retaliatory headbutt, horns 2, yellow scales 1, camouflage 1, dopey 1, high
mp 1, poison resistance, subdued magic 1, sturdy frame 1
a: Heroism, Finesse, Renounce Religion, Evoke Invisibility, Stop Flying


You were on level 4 of the Snake Pit.
You worshipped Okawaru.
Okawaru was exalted by your worship.
You were not hungry.

You visited 5 branches of the dungeon, and saw 28 of its levels.

You collected 2422 gold pieces.
You spent 481 gold pieces at shops.

Inventory:

Hand Weapons
 a - a +4 vampiric war axe
 r - the +8 war axe "Ygget" (weapon) {flame, *Contam rF+ Stlth+}
   (You found it on level 7 of the Dungeon)

   It has been specially enchanted to burn those struck by it, causing extra
   injury to most foes and up to half again as much damage against particularly
   susceptible opponents.
   Big, fiery blades are also staple armaments of hydra-hunters.
   It protects you from fire.
   It causes magical contamination when unequipped.
   It makes you more stealthy.
 t - the +8 frozen axe "Frostbite" {freezing cloud, *Noise +Fly rC+}
   (Okawaru gifted it to you on level 3 of the Lair of Beasts)

   It has been specially enchanted to freeze those struck by it, causing extra
   injury to most foes and up to half again as much damage against particularly
   susceptible opponents.
   It can also slow down cold-blooded creatures.
   It protects you from cold.
   It lets you fly.
   It may make noises in combat.
 C - the +8 Wrath of Trog {antimagic, *Rage}
   (Okawaru gifted it to you on level 6 of the Lair of Beasts)

   It reduces the magical energy of the wielder, and disrupts the spells and
   magical abilities of those hit.
   Natural abilities and divine invocations are not affected.
   It may make you go berserk in combat.
Armour
 c - the +5 pair of gloves of the Special Runes (worn) {Slay+2 Stlth+}
   (You found it on level 2 of the Snake Pit)

   It affects your accuracy and damage with ranged weapons and melee attacks
   (+2).
   It makes you more stealthy.
 q - a +1 hat (worn)
 z - a +2 pair of boots of flying (worn)
 E - a +2 shield of positive energy (worn)
 J - a +1 cloak of invisibility (worn)
 K - a +2 plate armour of fire resistance (worn)
Jewellery
 b - an uncursed ring of protection from magic
 j - a +4 amulet of reflection (around neck)
 A - the ring of Heopu (left hand) {rPois rC+ MR+ Int+3 Dex+2}
   (You found it on level 6 of the Lair of Beasts)

   [ring of protection from cold]

   It affects your intelligence (+3).
   It affects your dexterity (+2).
   It protects you from cold.
   It protects you from poison.
   It affects your resistance to hostile enchantments.
 G - the ring "Icar" (right hand) {rCorr Str+4 Dex+4}
   (You bought it in a shop on level 2 of the Snake Pit)

   [ring of resist corrosion]

   It affects your strength (+4).
   It affects your dexterity (+4).
Wands
 s - a wand of iceblast (10)
 D - a wand of clouds (3)
Scrolls
 e - 6 scrolls of fog
 k - 13 scrolls of identify
 n - 11 scrolls of teleportation
 o - 3 scrolls of amnesia
 p - 12 scrolls of remove curse
 u - 5 scrolls of fear
 B - 4 scrolls of magic mapping
 H - 3 scrolls of enchant weapon
Potions
 d - a potion of might
 g - 3 potions of heal wounds
 h - 9 potions of curing
 i - 5 potions of agility
 l - 4 potions of haste
 m - 3 potions of magic
 w - a potion of brilliance
 x - a potion of berserk rage
 F - 3 potions of resistance
Comestibles
 f - 42 rations


   Skills:
 - Level 20.4 Fighting
 * Level 16.4 Axes
 + Level 16.2 Armour
 + Level 17.5 Dodging
 - Level 0.7 Stealth
 * Level 13.1 Shields
 - Level 10.4 Invocations


You had 17 spell levels left.
You didn't know any spells.

Dungeon Overview and Level Annotations

Branches:
Dungeon (15/15)            Temple (1/1) D:7            Lair (6/6) D:10
 Shoals (0/4) Lair:3        Snake (4/4) Lair:2        Slime (0/5) Lair:5
    Orc (2/2) D:9             Elf (0/3) Orc:2        Vaults (0/5) D:13
 Depths (0/5) D:15

Altars:
Ashenzari
Cheibriados
Dithmenos
Elyvilon
Fedhas
Gozag
Hepliaklqana
Kikubaaqudgha
Makhleb
Nemelex Xobeh
Okawaru
Qazlal
Ru
Trog
Uskayaw
Vehumet
Wu Jian
Xom
Yredelemnul
Zin
The Shining One
Beogh
Jiyva

Shops:
Orc:2 ([*:   Snake:2 }=[


Innate Abilities, Weirdness & Mutations

You reflexively headbutt those who attack you in melee.
You have a pair of horns on your head.
You are partially covered in yellow scales. (AC +2)
Your skin changes colour to match your surroundings (Stealth+).
You are dopey. (Int -2)
You have an increased reservoir of magic. (+10% MP)
Your system is resistant to poisons. (rPois)
Your spells are a little easier to cast, but a little less powerful.
Your movements are slightly less encumbered by armour. (ER -2)


Message History

The shock serpent shoots out a bolt of lightning at you!
The bolt of electricity misses you. You block the shock serpent's attack.
The shock serpent shoots out a bolt of lightning at you!
The bolt of electricity hits you!
* * * LOW HITPOINT WARNING * * *
The shock serpent shoots out a bolt of lightning at you!
The bolt of electricity hits the shock serpent.
The shock serpent completely resists.
The bolt of electricity hits you!
* * * LOW HITPOINT WARNING * * *
Blink to where?
Press: ? - help, Dir - move target cursor You are very lightly contaminated with residual magic.
As you read the scroll of blinking, it crumbles to dust.
The shock serpent shoots out a bolt of lightning at you!
The bolt of electricity hits you!
* * * LOW HITPOINT WARNING * * *
The shock serpent shoots out a bolt of lightning at you!
The bolt of electricity hits you!
You die...

#)#..# ###....### #.##.##
##...SSS..## #.##..#
##..≈≈≈≈≈§.S## #.###.#
#.§§§≈≈≈≈≈≈SS# #.# #.# #####
##)§≈§≈≈≈≈≈≈§S# #.#
#.###...###.§§≈≈§≈≈≈≈§§.S#
#.#
#.##.)...##.≈≈§≈§≈≈≈≈≈≈≈§'..
#.#
#(#.......#.≈≈§§≈§≈≈≈≈≈≈.'..
#.#
#(#....(..(@§≈≈≈≈≈§≈≈§≈≈.'..
#.#
#.#....[[.#.§≈§≈≈§§≈≈≈≈≈.##.
#.#
#(##...[)##..≈§≈≈§≈≈≈≈≈..#
#.#
#[(##...#'##.≈≈≈≈§≈≈§≈≈.####
#.# ##'#####'()#..§≈§§≈≈
#.(. #(# #(.≈≈§#.))##..≈§≈≈§
##).) #.# #..§§§##.))##.....
##...# #.#
##..§≈§##.)(###... ###...##
#.#
##..≈≈≈##....######....##≈


You could see 2 shock serpents.

Vanquished Creatures
  Vashnia (Snake:2)
  Asterion (Snake:2)
  13 nagarajas
  An orc warlord (Orc:2)
  Louise (Snake:4)
  4 dire elephants (Lair:6)
  2 ogre magi
  17 naga warriors
  7 hydras
  A catoblepas (Lair:5)
  34 anacondas
  14 two-headed ogres
  A death knight (D:13)
  Erica (Lair:1)
  4 centaur warriors
  2 alligators (Snake:1)
  A vampire mage (D:15)
  3 death yaks (Lair:6)
  2 orc high priests (Orc:2)
  20 naga sharpshooters
  9 shock serpents
  3 skeletal warriors
  7 salamander mystics
  A swamp dragon (Snake:1)
  2 unseen horrors
  8 naga ritualists
  The ghost of meatyocre the Ruffian, a novice TrFi (D:6)
  4 lindwurms (Snake:4)
  A necromancer (D:15)
  7 orc knights
  A phantasmal warrior (D:13)
  8 mana vipers
  4 orc sorcerers
  6 ugly things
  13 elephants
  A frost giant zombie (D:15)
  10 slime creatures
  4 centaur zombies
  A cyclops (D:15)
  10 salamanders
  41 black mambas
  A frost giant skeleton (D:15)
  11 guardian serpents
  A spriggan skeleton (D:15)
  24 naga magi
  16 spiny frogs
  4 centaur skeletons
  2 rime drakes
  2 kobold demonologists
  4 komodo dragons
  2 efreet (D:13)
  A freezing wraith (D:13)
  6 trolls
  A meliai (D:8)
  2 polar bears (Lair:2)
  Grinder (D:5)
  16 blink frogs
  3 hornets
  A snapping turtle (Lair:3)
  5 dream sheep (Lair:5)
  11 hippogriffs
  An ice dragon zombie (D:15)
  Sigmund (D:4)
  2 spriggans (Lair:2)
  4 wraiths
  38 yaks
  2 vampires (D:11)
  3 water elementals
  Eustachio (D:4)
  4 wyverns
  2 basilisks
  A steam dragon (Lair:5)
  A vampire mosquito (Snake:1)
  5 wargs
  49 nagas
  4 swamp worms (Snake:1)
  15 water moccasins
  4 soldier ants
  Duvessa (D:4)
  An acid dragon (D:15)
  A swamp drake (Snake:1)
  5 sky beasts
  3 ice beasts
  39 orc warriors
  7 porcupines
  4 black bears
  2 necrophages
  2 phantoms
  23 centaurs
  A hornet zombie (D:6)
  15 ogres
  24 wolves
  14 crocodiles
  6 big kobolds
  15 bullfrogs
  Dowan (D:4)
  An elf skeleton (D:7)
  A wyvern skeleton (D:14)
  6 scorpions
  7 killer bees
  9 wights
  2 electric eels
  A howler monkey (D:9)
  4 crimson imps
  A lava snake (Lair:6)
  5 human zombies (D:7)
  2 quasits
  A bullfrog zombie (D:10)
  2 hounds (D:9)
  5 jellies
  19 orc priests
  23 orc wizards
  2 bullfrog skeletons
  A gnoll shaman (D:4)
  Terence (D:2)
  Ijyb (D:4)
  Natasha (thrice) (D:4)
  An iguana (D:6)
  12 worker ants
  A hound zombie (D:9)
  2 hound skeletons (D:7)
  2 mummies (D:7)
  2 worker ant zombies
  Robin (D:2)
  A howler monkey skeleton (D:11)
  9 gnolls
  11 adders
  2 shadow imps (D:7)
  2 oozes
  An adder skeleton (D:4)
  7 worms
  12 dart slugs
  6 leopard geckos
  81 orcs
  3 ball pythons
  10 bats
  4 giant cockroaches
  11 hobgoblins
  14 jackals
  13 kobolds
  4 quokkas
  4 frilled lizards
  14 goblins
  2 jackal skeletons
  A leopard gecko zombie (D:7)
  8 rats
  6 fungi
  18 plants
  2 withered plants (D:15)
1051 creatures vanquished.

Vanquished Creatures (others)
  2 naga sharpshooters
  A naga (Snake:2)
  10 fungi
  4 plants
17 creatures vanquished.

Grand Total: 1068 creatures vanquished

Notes
Turn   | Place    | Note
-------+----------+-------------------------------------------
     0 | D:1      | JeffiDaFish the Minotaur Fighter began the quest for the Orb.
     0 | D:1      | Reached XP level 1. HP: 19/19 MP: 0/0
    82 | D:1      | Reached XP level 2. HP: 27/27 MP: 1/1
   171 | D:1      | Reached skill level 4 in Fighting
   454 | D:1      | Reached XP level 3. HP: 31/33 MP: 2/2
   871 | D:2      | Noticed Robin
   878 | D:2      | Killed Robin
   878 | D:2      | Reached XP level 4. HP: 40/41 MP: 3/3
  1035 | D:2      | Noticed Terence
  1043 | D:2      | Killed Terence
  1334 | D:3      | Found a radiant altar of Vehumet.
  1335 | D:3      | Reached XP level 5. HP: 47/47 MP: 4/4
  1488 | D:3      | Found a glowing golden altar of the Shining One.
  1490 | D:3      | Found a shimmering altar of Xom.
  1490 | D:3      | Found a glowing silver altar of Zin.
  1492 | D:3      | Found a sacrificial altar of Ru.
  1492 | D:3      | Found a glowing silver altar of Zin.
  1492 | D:3      | Found a deep blue altar of Sif Muna.
  1540 | D:3      | Found a stormy altar of Qazlal.
  1694 | D:3      | Found an ornate altar of the Wu Jian Council.
  1886 | D:4      | Noticed Natasha
  1893 | D:4      | Killed Natasha
  1967 | D:4      | Noticed Ijyb
  1973 | D:4      | Killed Ijyb
  1973 | D:4      | Reached skill level 5 in Axes
  2027 | D:4      | Reached skill level 1 in Dodging
  2040 | D:4      | Reached XP level 6. HP: 26/53 MP: 5/5
  2271 | D:4      | Reached skill level 5 in Shields
  2304 | D:4      | Noticed Natasha
  2308 | D:4      | Killed Natasha
  2325 | D:4      | Noticed Dowan
  2326 | D:4      | Noticed Duvessa
  2333 | D:4      | Killed Duvessa
  2333 | D:4      | Reached skill level 5 in Fighting
  2341 | D:4      | Killed Dowan
  2341 | D:4      | Reached skill level 5 in Armour
  2341 | D:4      | Reached XP level 7. HP: 56/61 MP: 6/6
  2390 | D:4      | Noticed Sigmund
  2409 | D:4      | Killed Sigmund
  2527 | D:4      | Noticed Eustachio
  2551 | D:4      | Killed Eustachio
  2691 | D:4      | Noticed Natasha
  2698 | D:4      | Killed Natasha
  2703 | D:4      | Gained mutation: You are partially covered in yellow scales. (AC +2) [potion of mutation]
  2703 | D:4      | Gained mutation: Your movements are slightly less encumbered by armour. (ER -2) [potion of mutation]
  2703 | D:4      | Gained mutation: You have an increased reservoir of magic. (+10% MP) [potion of mutation]
  2703 | D:4      | Gained mutation: Your system is resistant to poisons. (rPois) [potion of mutation]
  2730 | D:4      | Found a snail-covered altar of Cheibriados.
  2838 | D:5      | Entered Level 5 of the Dungeon
  2948 | D:5      | Reached XP level 8. HP: 61/69 MP: 7/7
  3168 | D:5      | Found a bloodstained altar of Trog.
  3275 | D:5      | Noticed Grinder
  3276 | D:5      | Paralysed by Grinder for 6 turns
  3296 | D:5      | Killed Grinder
  3699 | D:6      | Noticed meatyocre's ghost (novice TrFi)
  3725 | D:6      | Killed meatyocre's ghost
  3725 | D:6      | Reached skill level 6 in Fighting
  4054 | D:6      | Reached XP level 9. HP: 78/78 MP: 8/8
  4116 | D:6      | Reached skill level 7 in Fighting
  4156 | D:6      | Reached skill level 10 in Axes
  4465 | D:7      | Found a staircase to the Ecumenical Temple.
  4501 | Temple   | Entered the Ecumenical Temple
  4647 | Temple   | Became a worshipper of Warmaster Okawaru
  4854 | D:7      | Got a warped war axe
  4855 | D:7      | Identified the +8 war axe "Ygget" {flame, *Contam rF+ Stlth+} (You found it on level 7 of the Dungeon)
  5026 | D:7      | Reached skill level 5 in Dodging
  5026 | D:7      | Reached XP level 10. HP: 88/88 MP: 10/10
  5033 | D:7      | Reached skill level 8 in Fighting
  5048 | D:7      | Reached * piety under Okawaru
  5064 | D:7      | Found an ancient bone altar of Kikubaaqudgha.
  5493 | D:8      | Noticed a two-headed ogre
  5505 | D:8      | Killed a two-headed ogre
  5505 | D:8      | Reached ** piety under Okawaru
  5800 | D:8      | Found a hazy altar of Hepliaklqana.
  5923 | D:8      | Paralysed by a hornet for 1 turns
  6102 | D:8      | Noticed a two-headed ogre
  6112 | D:8      | Killed a two-headed ogre
  6112 | D:8      | Reached *** piety under Okawaru
  6116 | D:8      | Reached skill level 9 in Fighting
  6462 | D:9      | Identified a scroll of acquirement
  6566 | D:9      | Reached XP level 11. HP: 97/97 MP: 11/11
  6690 | D:9      | Found a staircase to the Orcish Mines.
  7055 | D:9      | Reached skill level 10 in Shields
  7066 | D:9      | Found an ornate altar of the Wu Jian Council.
  7239 | D:9      | Found a hide-covered altar of Uskayaw.
  7241 | D:9      | Noticed a two-headed ogre
  7249 | D:9      | Killed a two-headed ogre
  7249 | D:9      | Reached **** piety under Okawaru
  7337 | D:10     | Entered Level 10 of the Dungeon
  7357 | D:10     | Noticed a two-headed ogre
  7363 | D:10     | Killed a two-headed ogre
  7416 | D:10     | Found a staircase to the Lair.
  7834 | Lair:1   | Entered Level 1 of the Lair of Beasts
  7956 | Lair:1   | Reached ***** piety under Okawaru
  7997 | Lair:1   | Noticed Erica
  8006 | Lair:1   | Killed Erica
  8378 | Lair:1   | Reached skill level 10 in Fighting
  8433 | Lair:1   | Received a gift from Okawaru
  8631 | Lair:2   | Reached skill level 10 in Armour
  8709 | Lair:2   | Reached skill level 10 in Dodging
  8709 | Lair:2   | Reached XP level 12. HP: 92/106 MP: 12/12
  8799 | Lair:2   | Noticed a seven-headed hydra
  8804 | Lair:2   | Killed a two-headed hydra
  8836 | Lair:2   | Found a staircase to the Snake Pit.
  9642 | Lair:3   | Found a staircase to the Shoals.
 10031 | Lair:3   | Received a gift from Okawaru
 10032 | Lair:3   | Found the +8 frozen axe "Frostbite" {freezing cloud, *Noise +Fly rC+}
 10033 | Lair:3   | Reached skill level 11 in Fighting
 10071 | Lair:3   | Gained mutation: You are dopey. (Int -2) [mutagenic glow]
 10364 | Lair:4   | Noticed a four-headed hydra
 10373 | Lair:4   | Killed a one-headed hydra
 10373 | Lair:4   | Reached skill level 1 in Invocations
 10618 | Lair:4   | Noticed a five-headed hydra
 10626 | Lair:4   | Killed a one-headed hydra
 11175 | Lair:5   | Reached XP level 13. HP: 109/116 MP: 14/14
 11454 | Lair:5   | Found a viscous altar of Jiyva.
 11454 | Lair:5   | Found a staircase to the Slime Pits.
 11469 | Lair:5   | Found a basalt altar of Yredelemnul.
 11487 | Lair:5   | Reached ****** piety under Okawaru
 11677 | Lair:5   | Received a gift from Okawaru
 12090 | Lair:6   | Entered Level 6 of the Lair of Beasts
 12731 | Lair:6   | Reached skill level 12 in Fighting
 12927 | Lair:6   | Received a gift from Okawaru
 12950 | Lair:6   | Identified the +5 hand axe of the Tiger {speed, rN+ MR- Str+2} (Okawaru gifted it to you on level 6 of the Lair of Beasts)
 13630 | Lair:6   | Got a brightly glowing bronze ring
 13633 | Lair:6   | Identified the ring of Heopu {rPois rC+ MR+ Int+3 Dex+2} (You found it on level 6 of the Lair of Beasts)
 13670 | Lair:6   | Noticed a dire elephant
 13670 | Lair:6   | Noticed a dire elephant
 13686 | Lair:6   | Killed a dire elephant
 13686 | Lair:6   | Received a gift from Okawaru
 13686 | Lair:6   | Reached XP level 14. HP: 70/127 MP: 13/18
 13687 | Lair:6   | Found the +8 Wrath of Trog {antimagic, *Rage}
 13913 | Lair:6   | Reached skill level 5 in Invocations
 14516 | D:11     | Reached skill level 13 in Fighting
 15136 | D:12     | Received a gift from Okawaru
 15249 | D:12     | Found a shattered altar of Ashenzari.
 15816 | D:13     | Reached skill level 14 in Fighting
 16375 | D:13     | Received a gift from Okawaru
 16385 | D:13     | Reached skill level 15 in Fighting
 16407 | D:13     | Found a gate to the Vaults.
 16621 | D:13     | Received a gift from Okawaru
 17546 | D:15     | Entered Level 15 of the Dungeon
 17553 | D:15     | Reached XP level 15. HP: 137/141 MP: 20/20
 17615 | D:15     | Gained mutation: Your skin changes colour to match your surroundings (Stealth+). [a neqoxec]
 17621 | D:15     | Gained mutation: Your spells are a little easier to cast, but a little less powerful. [a neqoxec]
 18237 | D:15     | Reached skill level 15 in Dodging
 18244 | D:15     | Found a staircase to the Depths.
 18298 | D:15     | Reached skill level 16 in Fighting
 18828 | D:15     | Received a gift from Okawaru
 19074 | Orc:1    | Entered Level 1 of the Orcish Mines
 19449 | Orc:1    | Found a roughly hewn altar of Beogh.
 19535 | Orc:2    | Entered Level 2 of the Orcish Mines
 19535 | Orc:2    | Found a staircase to the Elven Halls.
 19593 | Orc:2    | Found Loisi's Antique Armour Boutique.
 19687 | Orc:2    | Reached skill level 15 in Axes
 19741 | Orc:2    | Noticed an orc warlord
 19768 | Orc:2    | Killed an orc warlord
 19773 | Orc:2    | Found Withros's General Store.
 19949 | Orc:2    | Found Juacso Pab's Antique Weapon Shop.
 20063 | Orc:2    | Found Yluoze's Book Emporium.
 20078 | Orc:2    | Reached skill level 17 in Fighting
 20526 | Snake:1  | Entered Level 1 of the Snake Pit
 21023 | Snake:1  | Received a gift from Okawaru
 21076 | Snake:1  | Received a gift from Okawaru
 21238 | Snake:1  | Reached XP level 16. HP: 154/157 MP: 23/23
 21244 | Snake:1  | Reached skill level 18 in Fighting
 21640 | Snake:2  | Found Enlontyph's Gadget Shoppe.
 21685 | Snake:2  | Received a gift from Okawaru
 22132 | Snake:2  | Noticed Vashnia
 22150 | Snake:2  | Killed Vashnia
 22188 | Snake:2  | Reached skill level 19 in Fighting
 22356 | Snake:2  | Got a pair of spiked gloves
 22387 | Snake:2  | Noticed Asterion
 22410 | Snake:2  | Killed Asterion
 22710 | Snake:2  | Found Dyirubeng's Antique Armour Emporium.
 22710 | Snake:2  | Found Goacvoar's Jewellery Shoppe.
 22736 | Snake:2  | Bought the ring "Icar" {rCorr Str+4 Dex+4} for 481 gold pieces
 22750 | Snake:2  | Identified the +5 pair of gloves of the Special Runes {Slay+2 Stlth+} (You found it on level 2 of the Snake Pit)
 22949 | Snake:3  | Received a gift from Okawaru
 23071 | Snake:3  | Reached skill level 15 in Armour
 23433 | Snake:3  | Reached XP level 17. HP: 134/168 MP: 25/25
 24095 | Snake:4  | Entered Level 4 of the Snake Pit
 24106 | Snake:4  | Received a gift from Okawaru
 24106 | Snake:4  | Reached skill level 10 in Invocations
 24111 | Snake:4  | Reached skill level 20 in Fighting
 24506 | Snake:4  | Received a gift from Okawaru
 24650 | Snake:4  | Noticed Louise
 24668 | Snake:4  | Killed Louise
 25897 | Snake:4  | Reached XP level 18. HP: 180/180 MP: 27/27
 26281 | Snake:4  | HP: 6/180 [shock serpent/bolt of electricity (24)]
 26282 | Snake:4  | HP: 2/180 [shock serpent/bolt of electricity (5)]
 26284 | Snake:4  | Killed from afar by a shock serpent

Skill      XL: |  1  2  3  4  5  6  7  8  9 10 11 12 13 14 15 16 17 18 |
---------------+-------------------------------------------------------+-----
Fighting       | 4 5 6 7 9 10 11 12 15 17 19 20 | 20.4
Armour         | 4 5 6 7 8 10 11 12 13 14 15 16 | 16.2
Axes           | 3 4 5 6 7 9 10 11 12 13 14 15 16 | 16.4
Shields        | 4 5 6 7 8 9 10 11 12 13 | 13.1
Dodging        | 1 2 3 5 7 10 11 13 14 15 16 17 | 17.5
Invocations    | 2 4 6 8 9 10 | 10.4
Stealth        | |  0.7

Action                   |  1- 3 |  4- 6 |  7- 9 | 10-12 | 13-15 | 16-18 || total
-------------------------+-------+-------+-------+-------+-------+-------++-------
Melee: War axe           |    66 |   156 |   275 |   506 |  1041 |   712 ||  2756
       Headbutt          |     8 |    31 |    53 |    95 |   295 |   240 ||   722
       Executioner's axe |       |       |       |    18 |       |       ||    18
Invok: Finesse           |       |       |       |       |     2 |     7 ||     9
  Use: Potion            |     5 |     2 |     5 |     3 |     2 |     1 ||    18
       Scroll            |     8 |     2 |     9 |     9 |    12 |    10 ||    50
 Stab: Petrified         |       |       |       |       |     3 |       ||     3
  Eat: Chunk             |       |     5 |     9 |    33 |    26 |    12 ||    85
       Ration            |       |       |       |       |       |     1 ||     1
Armor: Scale mail        |    34 |    66 |    55 |       |       |       ||   155
       Plate armour      |       |       |    38 |   169 |   305 |   211 ||   723
Dodge: Dodged            |    14 |    46 |    65 |   142 |   388 |   286 ||   941
Block: Shield            |    29 |   100 |   146 |   328 |   713 |   738 ||  2054
       Reflection        |       |       |       |       |    11 |   111 ||   122
